 Dungeon Crawl Stone Soup version 0.23.2-1-ga50397a (webtiles) character file.

Game seed: 6912321742060249698

102 xveg the Vandal (level 5, -2/35 HPs)
             Began as a Halfling Hunter on May 15, 2019.
             Slain by Grinder (3 damage)
             ... while paralysed by Grinder
             ... on level 3 of the Dungeon.
             The game lasted 00:02:59 (1717 turns).

xveg the Vandal (Halfling Hunter)                   Turns: 1717, Time: 00:03:00

Health: -2/35      AC:  6    Str: 12 (14) XL:     5   Next: 6%
Magic:  5/5        EV:  3    Int:  8 (9)  God:
Gold:   82         SH:  0    Dex: 12 (15) Spells: 4/4 levels left

rFire    . . .     SeeInvis .   a - +1 hunting sling
rCold    . . .     Gourm    .   (shield restricted)
rNeg     . . .     Faith    .   r - +0 scale mail
rPois    +         Spirit   .   (no helmet)
rElec    .         Reflect  .   (no cloak)
rCorr    .         Harm     .   (no gloves)
MR       .....                  (no boots)
Stlth    ..........             (no amulet)
HPRegen  0.11/turn              n - ring of poison resistance
MPRegen  0.09/turn              (no ring)

@: paralysed
A: small, mutation resistance 1
a: no special abilities


You were on level 3 of the Dungeon.
You were not hungry.

You visited 1 branch of the dungeon, and saw 3 of its levels.

You collected 82 gold pieces.

Inventory:

Hand Weapons
 a - a +1 hunting sling (weapon)
 b - a +0 short sword
Missiles
 h - 77 stones (quivered)
Armour
 c - a +0 leather armour
 r - a +0 scale mail (worn)
Jewellery
 n - a ring of poison resistance (left hand)
Wands
 m - a wand of flame (7)
Scrolls
 k - 2 scrolls of amnesia
 p - a scroll of remove curse
 q - a scroll of fear
Potions
 e - a potion of agility {unknown}
Comestibles
 f - 7 rations


   Skills:
 + Level 2.3 Fighting
 + Level 7.8 Slings
 + Level 0.3 Armour
 + Level 2.6 Dodging
 + Level 1.3 Stealth


You had 4 spell levels left.
You didn't know any spells.
Your spell library was empty.

Dungeon Overview and Level Annotations

Branches:
Dungeon (3/15)

Altars:
Ashenzari
The Shining One

Annotations:
D:3 1 runed translucent door, Grinder


Innate Abilities, Weirdness & Mutations

You are small and have problems with some larger weapons.
You are somewhat resistant to further mutation.


Message History

Grinder hits you.
You writhe in agony.
* * * LOW HITPOINT WARNING * * *
Firing (i - inventory)
h - 78 stones (quivered)
Press: ? - help, Shift-Dir - straight line, f/p - Grinder
Aim: Grinder (severely wounded)
You shoot a stone. The stone closely misses Grinder.
Grinder gestures at you.
You suddenly lose the ability to move!
Grinder hits you.
* * * LOW HITPOINT WARNING * * *
You writhe in agony.
* * * LOW HITPOINT WARNING * * *
Grinder hits you.
* * * LOW HITPOINT WARNING * * *
Grinder gestures at you.
You shrug off the repeated paralysis!
Grinder hits you.
* * * LOW HITPOINT WARNING * * *
Grinder hits you.
You die...

#.# #(# #.# # #.#
#+# #(#[# #.#
#(#(###.#
#.##########.5.....#
###.##......# #@#
.......####.####.#
#.......).†......#
##...#.###...#####
###.##.###...#
....##÷......#
###..........#
.......#######
########


You could see Grinder.

Vanquished Creatures
  A worker ant (D:2)
  3 adders (D:2)
  2 oozes (D:2)
  An adder skeleton (D:2)
  An adder zombie (D:2)
  A worm (D:2)
  2 orcs (D:3)
  A bat zombie (D:2)
  3 giant cockroaches
  3 goblins
  3 jackals (D:2)
  A ball python skeleton (D:2)
  3 bats
  3 frilled lizards
  2 kobolds
  12 rats
42 creatures vanquished.

Notes
Turn   | Place    | Note
-------+----------+-------------------------------------------
     0 | D:1      | xveg the Halfling Hunter began the quest for the Orb.
     0 | D:1      | Reached XP level 1. HP: 14/14 MP: 1/1
   193 | D:1      | Reached skill level 6 in Slings
   217 | D:1      | Found a shattered altar of Ashenzari.
   573 | D:2      | Reached XP level 2. HP: 14/19 MP: 2/2
   680 | D:2      | Reached skill level 7 in Slings
   680 | D:2      | Reached XP level 3. HP: 16/24 MP: 3/3
   706 | D:2      | Reached XP level 4. HP: 14/29 MP: 4/4
  1453 | D:3      | Reached XP level 5. HP: 34/34 MP: 5/5
  1543 | D:3      | Found a glowing golden altar of the Shining One.
  1543 | D:3      | Noticed an angel
  1544 | D:3      | Found a runed translucent door.
  1685 | D:3      | Noticed Grinder
  1712 | D:3      | Paralysed by Grinder for 5 turns
  1716 | D:3      | HP: 1/35 [Grinder (2)]
  1717 | D:3      | Slain by Grinder

Skill      XL: |  1  2  3  4 |
---------------+-------------+-----
Slings         | 6 7 |  7.8
Fighting       | 2 |  2.3
Armour         | |  0.3
Dodging        | |  2.6
Stealth        | |  1.3

Action                   |  1- 3 |  4- 6 || total
-------------------------+-------+-------++-------
 Fire: Hunting sling     |    59 |    79 ||   138
  Use: Scroll            |       |     7 ||     7
       Potion            |       |     2 ||     2
  Eat: Chunk             |       |     2 ||     2
Armor: Leather armour    |     7 |     3 ||    10
       Scale mail        |       |     2 ||     2
Dodge: Dodged            |    15 |    22 ||    37
